 Dungeon Crawl Stone Soup version 0.22-a0-617-g6d95e9e505 (webtiles) character file.

19 Hercules1031 the Magician (level 2, -9/19 HPs)
             Began as a Demonspawn Wizard on July 12, 2018.
             Mangled by a gnoll
             ... wielding a +0 halberd
              (12 damage)
             ... on level 2 of the Dungeon.
             The game lasted 00:03:47 (1116 turns).

Hercules1031 the Magician (Demonspawn Wizard)       Turns: 1116, Time: 00:03:48

Health: -9/19      AC:  2    Str:  7    XL:     2   Next: 55%
Magic:  1/6        EV: 12    Int: 19    God:
Gold:   61         SH:  0    Dex: 11    Spells: 7/8 levels left

rFire    . . .     SeeInvis .   h - +2 hand axe (flame)
rCold    . . .     Gourm    .   (no shield)
rNeg     . . .     Faith    .   a - +0 robe
rPois    .         Spirit   .   b - +0 hat
rElec    .         Reflect  .   (no cloak)
rCorr    .         Harm     .   (no gloves)
MR       .....                  (no boots)
Stlth    ++........             (no amulet)
HPRegen  0.06/turn              (no ring)
MPRegen  0.10/turn              (no ring)

@: very slightly contaminated
A: horns 1
a: no special abilities


You were on level 2 of the Dungeon.
You were hungry.

You visited 1 branch of the dungeon, and saw 2 of its levels.

You collected 61 gold pieces.

Inventory:

Hand Weapons
 h - a +2 hand axe of flaming (weapon)
Armour
 a - a +0 robe (worn)
 b - a +0 hat (worn)
Scrolls
 e - 2 scrolls of identify {unknown}
 f - 2 scrolls of remove curse {unknown}
 i - a scroll of magic mapping {unknown}
 j - a scroll of random uselessness {unknown}
Potions
 c - a potion of heal wounds {unknown}
 g - a potion of curing {unknown}
 k - a potion of might {unknown}
Comestibles
 d - 3 rations


   Skills:
 + Level 1.8 Dodging
 + Level 1.9 Stealth
 + Level 3.6 Spellcasting
 + Level 1.1 Conjurations
   Level 1.0 Summonings
   Level 0.8 Translocations


You had 7 spell levels left.
You knew the following spells:

 Your Spells              Type           Power        Failure   Level  Hunger
a - Magic Dart            Conj           #...         9%          1    None

Your spell library contained the following spells:

 Spells                   Type           Power        Failure   Level  Hunger
 Conjure Flame            Conj/Fire      #.......     32%         3    ###....
 Slow                     Hex            #.......     22%         2    ##.....
 Mephitic Cloud           Conj/Pois/Air  #.......     36%         3    ###....
 Blink                    Tloc           N/A          16%         2    ##.....
 Call Imp                 Summ           #.......     14%         2    ##.....


Dungeon Overview and Level Annotations

Branches:
Dungeon (2/15)

Altars:


Innate Abilities, Weirdness & Mutations

You have a pair of small horns on your head.


Message History

Confirm with . or Enter, or press ? or * to list all spells.
You don't have enough magic to cast that spell.
Unknown command.
You hit the gnoll but do no damage.
The gnoll is heavily wounded.
The gnoll closely misses you. The gnoll barely misses you. The gnoll hits you.
You barely miss the gnoll. Your headbutt misses the gnoll.
The gnoll is heavily wounded.
The gnoll closely misses you. The gnoll barely misses you.
A gnoll comes into view.
You barely miss the gnoll.
The gnoll shouts!
Your headbutt misses the gnoll.
The gnoll is heavily wounded.
The gnoll hits you from afar with a halberd.
* * * LOW HITPOINT WARNING * * *
The gnoll misses you.
The gnoll hits you from afar with a halberd!
Ouch! That really hurt!
You die...

#..< #.. .... #.#
#(.## .# #.# #...
.# #.# #..# # ##
.# #.# #..##.##.#
.## .# #.#
#.?ggg.... ..##.#
#.# #@g# .÷...#
####.###..##.##
.....#
#....#.........)
.##.##
##.###.###.######
.##†####...#.##
##.#
.##.†........# .#
.######....#.# .#
.........#.##>#
.# .#######...#
#..


You could see 4 gnolls.

Vanquished Creatures
  A worm (D:2)
  A giant cockroach (D:2)
  3 goblins
  2 jackals (D:2)
  2 bats
  4 frilled lizards
  4 rats
17 creatures vanquished.

Notes
Turn   | Place    | Note
-------+----------+-------------------------------------------
     0 | D:1      | Hercules1031 the Demonspawn Wizard began the quest for the Orb.
     0 | D:1      | Reached XP level 1. HP: 13/13 MP: 4/4
   528 | D:2      | Gained mutation: You have a pair of small horns on your head. [demonic ancestry]
   528 | D:2      | Reached XP level 2. HP: 3/19 MP: 0/6
  1116 | D:2      | Mangled by a gnoll

Vault maps used:
D:1:      giann_horns
D:2:      lemuel_upstairs_altar, led_sif_pool

Action                   || total
-------------------------++-------
Melee: Unarmed           ||    10
       Hand axe          ||    19
 Cast: Magic Dart        ||    32
Armor: Robe              ||     4
Dodge: Dodged            ||    27

Table legend:
 A = Spawn XP
 B = Non-spawn XP
 C = Spawn XP percentage of total XP
 D = Spawn monster count
 E = Non-spawn monster count
 F = Spawn count percentage of total count
 G = Total turns spent on level
                    A         B        C        D         E        F      G
               +---------+---------+-------+---------+---------+-------+---------
         Total |       0 |      28 |   0.0 |       0 |      17 |   0.0 |  1116
               +---------+---------+-------+---------+---------+-------+---------
           D:1 |       0 |       9 |   0.0 |       0 |       7 |   0.0 |   518
           D:2 |       0 |      19 |   0.0 |       0 |      10 |   0.0 |   598
               +---------+---------+-------+---------+---------+-------+---------
